 Dungeon Crawl Stone Soup version 0.28-a0-1038-g9c4cb8273d (webtiles) character file.

Game seed: 8344951056826115314

15 EnegeticOcto the Grasshopper (level 2, -2/13 HPs)
             Began as a Felid Warper on Dec 8, 2021.
             Was a Follower of Qazlal.
             Slain by an orc (7 damage)
             ... on level 2 of the Dungeon.
             The game lasted 00:01:53 (970 turns).

EnegeticOcto the Grasshopper (Felid Warper)          Turns: 970, Time: 00:01:53

Health: -2/13      AC:  1    Str: 13    XL:     2   Next: 34%
Magic:  6/6        EV: 18    Int: 14    God:    Qazlal [*.....]
Gold:   47         SH:  2    Dex: 15    Spells: 5/5 levels left
                                        Lives:  0   Deaths: 0

rFire   . . .      SeeInvis +     - Unarmed
rCold   . . .      Faith    .   (shield unavailable)
rNeg    . . .      Spirit   .   (armour unavailable)
rPois   .          Reflect  .   (helmet unavailable)
rElec   .          Harm     .   (cloak unavailable)
rCorr   .          Rampage  .   (gloves unavailable)
Will    .....                   (boots unavailable)
Stlth   ++........              (no amulet)
HPRegen 0.04/turn               c - +6 ring of strength
MPRegen 0.10/turn               (no ring)

@: quick
A: very small, claws 1, fangs 3, see invisible, speed 1, shaggy fur 1, stealthy
paws, no weapons or thrown items, no armour, multi-lived
a: Renounce Religion


You were on level 2 of the Dungeon.
You worshipped Qazlal.
Qazlal was aware of your devotion.
You visited 1 branch of the dungeon, and saw 2 of its levels.

You collected 47 gold pieces.

Inventory:

Jewellery
 c - a +6 ring of strength (left paw)
   (You found it on level 1 of the Dungeon)
Scrolls
 a - a scroll of blinking {@r4}
 b - 2 scrolls of holy word {unknown}
 e - a scroll of enchant weapon {unknown}
 f - a scroll of vulnerability {unknown}
 g - a scroll of identify {unknown}
Potions
 d - a potion of heal wounds {unknown}


   Skills:
 - Level 2.0 Fighting
 + Level 3.4 Dodging
 - Level 2.5 Stealth
 + Level 2.1 Unarmed Combat
 - Level 2.0 Spellcasting
 - Level 4.4 Translocations


You had 5 spell levels left.
You didn't know any spells.
Your spell library contained the following spells:

 Spells                   Type           Power      Damage    Failure   Level
 Blink                    Tloc           26%        N/A       6%          2
 Gell's Gravitas          Tloc           13%        N/A       12%         3
 Lesser Beckoning         Tloc           13%        N/A       12%         3
 Teleport Other           Tloc           13%        N/A       12%         3
 Manifold Assault         Tloc           13%        N/A       73%         5
 Dispersal                Tloc           6%         N/A       99%         6


Dungeon Overview and Level Annotations

Branches:
Dungeon (2/15)

Altars:
Qazlal

Shops:
D:2 [

Annotations:
D:2 exclusion: adder


Innate Abilities, Weirdness & Mutations

You have sharp claws.
You have razor-sharp teeth.
You have supernaturally acute eyesight. (SInv)
You cover ground quickly. (Speed+)
You are covered in fur. (AC +1)
Your paws help you pounce on unaware monsters.
You are incapable of wielding weapons or throwing items.
You cannot wear armour.
You gain extra lives every three experience levels.


Message History

You see here a +0 helmet.
You open the door.
There is an open door here.
Done exploring.
Done exploring.
Done exploring.
Search for what [? for help]? .
(D) Dungeon
Where to? (Enter - D:1 @ (x,y), ? - help)
You see here a ball python corpse.
There is a stone staircase leading down here.
You climb downwards.
Found a dyed leather armour.
There is a stone staircase leading up here.
There is a stone staircase leading up here.
Found a stone staircase leading down.
Found 14 stones.
An adder and a kobold come into view.
There are monsters nearby!
Press: ? - help, . - travel You can't see that place. [the floor.] Placed new exclusion.
You enter the shallow water.
Moving in this stuff is going to be slow.
You enter the shallow water.
Moving in this stuff is going to be slow.
Found Deojal's Antique Armour Emporium.
A hobgoblin comes into view.
A hobgoblin is nearby!
The hobgoblin shouts!
A frilled lizard comes into view.
The hobgoblin closely misses you.
You closely miss the hobgoblin. You bite the hobgoblin.
The hobgoblin is almost dead.
The hobgoblin barely misses you.
You scratch the hobgoblin.
You kill the hobgoblin!
Qazlal accepts your kill.
You barely miss the frilled lizard. You closely miss the frilled lizard.
Your bite misses the frilled lizard.
The frilled lizard is engulfed in blazing flames.
You kill the frilled lizard!
Qazlal accepts your kill.
No target in view!
There is an entrance to Deojal's Antique Armour Emporium here.
You see here a frilled lizard corpse. 2 orcs and an orc wizard come into view.
There are monsters nearby!
An orc comes into view.
It is wielding a +3 flail of protection.
The orc shouts!
You start waiting.
An orc is nearby!
The orc shouts!
You hear a shout! x2
You closely miss the orc.
The orc is engulfed in blazing flames.
You kill the orc!
Qazlal accepts your kill.
No target in view!
You start waiting.
An orc is nearby!
You barely miss the orc. You bite the orc, but do no damage.
The orc hits you with a +3 flail of protection.
You scratch the orc.
The orc is severely wounded.
You barely miss the orc. Your bite misses the orc.
The orc is severely wounded.
The orc closely misses you.
You scratch the orc but do no damage.
The orc is severely wounded.
The orc completely misses you.
You scratch the orc but do no damage.
The orc is severely wounded.
The orc closely misses you.
You scratch the orc.
The orc is almost dead.
The orc barely misses you.
You scratch the orc.
You kill the orc!
Qazlal accepts your kill.
No target in view!
You start resting.
HP restored.
What are your orders? t - Meow!
Orders for allies: a - Attack new target. r - Retreat! s - Stop attacking. g - Guard the area. f - Follow me.
Anything else - Cancel.
You meow for attention!
You hear an angry hiss.
You hear a shout!
You start waiting.
You hear a shout!
An orc comes into view. It is wielding a +0 mace.
The orc hits you with a +0 mace!
Ouch! That really hurt!
You are too injured to fight recklessly!
Things that are here:
a +3 flail of protection; a +0 ring mail; an orc corpse You closely miss the orc.
The orc hits you with a +0 mace!
Ouch! That really hurt!
You die...

########## #...).o@.#
#.##)....# #.##.#####
#.##.#.. #.##.#.#
#.##.#.#
#########.##.#.#
......#.#.##.#.###.#
#######..†..#.......#


You could see an orc.

Vanquished Creatures
  2 orcs (D:2)
  4 ball pythons (D:1)
  A goblin (D:1)
  3 hobgoblins
  A frilled lizard (D:2)
  A rat (D:1)
12 creatures vanquished.

Notes
Turn   | Place    | Note
-------+----------+-------------------------------------------
     0 | D:1      | EnegeticOcto the Felid Warper began the quest for the Orb.
     0 | D:1      | Reached XP level 1. HP: 9/9 MP: 4/4
   153 | D:1      | Reached skill level 1 in Stealth
   300 | D:1      | Reached skill level 2 in Stealth
   310 | D:1      | Found a faded altar of an unknown god.
   353 | D:1      | Prayed at the altar of an unknown god.
   353 | D:1      | Became a worshipper of Qazlal Stormbringer
   353 | D:1      | Reached * piety under Qazlal
   513 | D:1      | Reached XP level 2. HP: 13/13 MP: 6/6
   873 | D:2      | Found Deojal's Antique Armour Emporium.
   970 | D:2      | Slain by an orc

Illustrated notes

Levels and vault maps discovered:
D:1:      psy_arrival_terrarium, layout_loops_corners, basic_ecumenical_altar,
          chequers_serial_rivers_small_a
D:2:      layout_basic, basic_altar, serial_shops, nicolae_shop_stone,
          nicolae_shop_overgrown_old_shop, wad_floor_pattern_1,
          grunt_ministairs_15, chequers_serial_rivers_large_a, uniq_robin

Skill      XL: |  1 |
---------------+----+-----
Stealth        | 2 |  2.5
Fighting       | |  2.0
Dodging        | |  3.4
Unarmed Combat | |  2.1
Spellcasting   | |  2.0
Translocations | |  4.4

Action                   || total
-------------------------++-------
Melee: Unarmed           ||    27
       Bite              ||     2
 Stab: Sleeping          ||     1
Dodge: Dodged            ||    16

Table legend: (Time is in decaauts)
 A = Elapsed time spent in this place.
 B = Non-inter-level travel time spent in this place.
 C = Inter-level travel time spent in this place.
 D = Time resting spent in this place.
 E = Time spent auto-exploring this place.
 F = Levels seen in this place.
 G = Mean time per level.
                   A        B        C        D        E       F      G
               +--------+--------+--------+--------+--------+-----+--------+
         Total |    817 |    793 |     24 |     18 |    665 |   2 |  408.5 |
       Dungeon |    817 |    793 |     24 |     18 |    665 |   2 |  408.5 |
               +--------+--------+--------+--------+--------+-----+--------+

Top non-repeatable levels by time:
     D:1: 668 daAuts
     D:2: 148 daAuts
